 Dungeon Crawl Stone Soup version 0.27-a0-1147-gb3d8e82157 (webtiles) character file.

Game seed: 14934701080493638543

34 kae the Skirmisher (level 3, 29/29 HPs)
             Began as a Demonspawn Abyssal Knight on May 11, 2021.
             Was a Follower of Lugonu.
             Quit the game on level 1 of the Dungeon.
             The game lasted 00:00:30 (1166 turns).

kae the Skirmisher (Demonspawn Abyssal Knight)      Turns: 1166, Time: 00:00:31

Health: 29/29      AC:  3    Str: 13    XL:     3   Next: 14%
Magic:  4/4        EV: 11    Int: 13    God:    Lugonu [*.....]
Gold:   41         SH:  0    Dex: 12    Spells: 2/2 levels left

rFire    . . .     SeeInvis .   a - +1 falchion
rCold    . . .     Faith    .   (no shield)
rNeg     . . .     Spirit   .   b - +0 leather armour
rPois    .         Reflect  .   (helmet restricted)
rElec    .         Harm     .   (no cloak)
rCorr    .         Rampage  .   (no gloves)
Will     .....                  (no boots)
Stlth    +.........             (no amulet)
HPRegen  0.09/turn              (no ring)
MPRegen  0.09/turn              (no ring)

@: no status effects
A: antennae 1, ignite blood 1
a: Renounce Religion, Depart the Abyss


You were on level 1 of the Dungeon.
You worshipped Lugonu.
Lugonu was aware of your devotion.
You visited 1 branch of the dungeon, and saw 1 of its levels.
You visited the Abyss 1 time.

You collected 41 gold pieces.

Inventory:

Hand Weapons
 a - a +1 falchion (weapon)
Missiles
 e - 7 curare-tipped darts
Armour
 b - a +0 leather armour (worn)
 d - a +2 helmet
Scrolls
 c - a scroll of magic mapping {unknown}
 f - a scroll of vulnerability {unknown}
 g - a scroll of immolation {unknown}
 h - a scroll of identify {unknown}
 i - a scroll of teleportation {unknown}
 j - a scroll of amnesia {unknown}
Potions
 k - a potion of heal wounds {unknown}


   Skills:
 + Level 3.4 Fighting
 * Level 2.9 Long Blades
 - Level 1.7 Armour
 - Level 0.8 Dodging
 - Level 2.4 Invocations


You had 2 spell levels left.
You didn't know any spells.
Your spell library was empty.

Dungeon Overview and Level Annotations

Branches:
Dungeon (1/15)

Altars:


Innate Abilities, Weirdness & Mutations

You have a pair of small antennae on your head.
Your demonic aura sometimes causes spilled blood to erupt in flames.


Message History

A rat is nearby!
A ball python comes into view.
The ball python hisses angrily.
There are monsters nearby!
You hit the rat.
You kill the rat!
Lugonu accepts your kill.
A rat comes into view.
The ball python bites you but does no damage.
The ball python grabs you. The ball python constricts you.
You see here a rat corpse.
There are monsters nearby!
You hit the ball python.
The ball python is heavily wounded.
The ball python is engulfed in blazing flames.
You kill the ball python!
Lugonu accepts your kill.
A rat is nearby!
You barely miss the rat. The rat bites you but does no damage.
The rat closely misses you.
You hit the rat.
You kill the rat!
Lugonu accepts your kill.
You can now depart the Abyss.
You see here a rat corpse.
k - a blue potion No target in view!
No target in view!
You see here a rat corpse.
Key pressed, stopping explore.
No target in view!
No target in view!
Key pressed, stopping explore.
No target in view!
No target in view!
There is an open door here.
You open the door.
There is an open door here.
You see here a +0 hand axe.
Done exploring.
Are you sure you want to abandon this character and quit the game? (Confirm with "yes".)

######## #@.....#
#.####.# #.# #.#
########
#.####.####.......
#...........######
#..###.####....###
#......# #.#...##
##.##### #......#
#.### #.#...##


There were no monsters in sight!

Vanquished Creatures
  5 dart slugs (D:1)
  An endoplasm (D:1)
  A giant cockroach (D:1)
  3 goblins (D:1)
  3 hobgoblins (D:1)
  2 kobolds (D:1)
  2 ball pythons (D:1)
  A bat (D:1)
  A frilled lizard (D:1)
  5 rats (D:1)
24 creatures vanquished.

Notes
Turn   | Place    | Note
-------+----------+-------------------------------------------
     0 | Abyss:1  | kae the Demonspawn Abyssal Knight began the quest for the
                  | Orb.
     0 | Abyss:1  | Reached XP level 1. HP: 18/18 MP: 2/2
    85 | Abyss:1  | Noticed a worldbinder
    86 | D:1      | Escaped the Abyss
   335 | D:1      | Gained mutation: Your demonic aura sometimes causes spilled
                  | blood to erupt in flames. [demonic ancestry]
   335 | D:1      | Reached XP level 2. HP: 24/24 MP: 3/3
   626 | D:1      | Found a faded altar of an unknown god.
   987 | D:1      | Gained mutation: You have a pair of small antennae on your
                  | head. [demonic ancestry]
   987 | D:1      | Reached XP level 3. HP: 24/29 MP: 4/4
  1096 | D:1      | Reached * piety under Lugonu
  1166 | D:1      | Quit the game

Illustrated notes

Levels and vault maps discovered:
D:1:      wander_arrival_peaceful_grave, layout_loops_corners,
          hellmonk_ecumenical_altar_inner_sanctum, kennysheep_crisscross

Skill      XL: |  1 |
---------------+----+-----
Long Blades    | 2 |  2.9
Fighting       | |  3.4
Armour         | |  1.7
Dodging        | |  0.8
Invocations    | |  2.4

Action                   || total
-------------------------++-------
Melee: Falchion          ||    61
Invok: Depart the Abyss  ||     1
Armor: Leather armour    ||    28
Dodge: Dodged            ||    35
       Rpst.: Falchion   ||     9

Table legend: (Time is in decaauts)
 A = Elapsed time spent in this place.
 B = Non-inter-level travel time spent in this place.
 C = Inter-level travel time spent in this place.
 D = Time resting spent in this place.
 E = Time spent auto-exploring this place.
 F = Levels seen in this place.
 G = Mean time per level.
                   A        B        C        D        E       F      G
               +--------+--------+--------+--------+--------+-----+--------+
         Total |   1176 |   1176 |      0 |      0 |   1021 |   2 |  588.0 |
       Dungeon |   1090 |   1090 |      0 |      0 |    936 |   1 | 1090.0 |
         Abyss |     86 |     86 |      0 |      0 |     85 |   1 |   86.0 |
               +--------+--------+--------+--------+--------+-----+--------+

Top non-repeatable levels by time:
     D:1: 1090 daAuts
 Abyss:1: 86 daAuts
